 Dungeon Crawl Stone Soup version 0.31-a0-544-gceb718ecc6 (webtiles) character file.

Game seed: 4846548371662283422

112 lunkers the Ruffian (level 5, -7/40 HPs)
             Began as a Meteoran Shapeshifter on Aug 15, 2023.
             Mangled by a gnoll
             ... wielding a +0 spear
              (9 damage)
             ... on level 2 of the Dungeon.
             The game lasted 00:01:18 (789 turns).

lunkers the Ruffian (Meteoran Shapeshifter)          Turns: 789, Time: 00:01:19

Health: -7/40      AC:  2    Str: 17    XL:     5   Next: 40%
Magic:  6/6        EV: 12    Int:  9    God:
Gold:   76         SH:  0    Dex: 16    Spells: 4/4 levels left

rFire   . .          .
                       - Unarmed
rCold   . . .        (no shield)
rNeg    . . .        a - +0 animal skin
rPois   .            (helmet currently unavailable)
rElec   .            (cloak currently unavailable)
rCorr   .            (gloves currently unavailable)
SInv    .            (boots currently unavailable)
Will    .....        (no amulet)
Stlth   +            (no ring)
HPRegen 0.26/turn    (no ring)
MPRegen 0.10/turn

%: no passive effects
@: beast-form, glowing
A: beast (slay +2), sense surroundings 1, otherworldly, glowing, explore regen
a: Begin Untransformation


You were on level 2 of the Dungeon.
You were a hulking beast.
You visited 1 branch of the dungeon, and saw 2 of its levels.

You collected 76 gold pieces.

Inventory:

Armour
 a - a +0 animal skin (worn)
Talismans
 c - a beast talisman (active)
 d - a flux talisman
 n - a maw talisman
Scrolls
 e - a scroll of noise {unknown}
 g - a scroll of torment {unknown}
 h - 2 scrolls of identify {unknown}
 j - a scroll of immolation {unknown}
 l - a scroll of vulnerability {unknown}
 m - a scroll of amnesia {unknown}
Potions
 b - a potion of lignification
 f - a potion of ambrosia {unknown}
 i - a potion of mutation {unknown}
 k - a potion of cancellation {unknown}


   Skills:
 - Level 1.1 Fighting
 - Level 2.1 Dodging
 * Level 5.7 Unarmed Combat
 + Level 4.4 Shapeshifting


You had 4 spell levels left.
You didn't know any spells.
Your spell library contained the following spells:

 Spells                   Type           Power      Damage    Failure   Level
 Call Canine Familiar     Summ           0%         N/A       77%         3
 Frozen Ramparts          Ice            0%         1d1       77%         3
 Portal Projectile        Hex/Tloc       0%         N/A       77%         3
 Leda's Liquefaction      Hex/Erth       0%         N/A       99%         4
 Petrify                  Tmut/Erth      0%         N/A       99%         4
 Metabolic Englaciation   Hex/Ice        0%         N/A       100%        5


Dungeon Overview and Level Annotations

Branches:
Dungeon (2/15) Zot: 421

Altars:


Innate Abilities, Weirdness & Mutations

You are a hulking beast.
Your limbs bulge with bestial killing power. (Slay +2)
You passively map a small area around you.
You are easily found by Zot.
You glow in the dark.
You regain HP and MP as you explore.


Message History

The worm is heavily wounded.
You hit the worm.
The worm is severely wounded.
The worm misses you.
You hit the worm.
The worm is almost dead.
You punch the worm!
You kill the worm!
No target in view!
No target in view!
No target in view!
You open the door.
There is an open door here.
You open the door.
There is an open door here.
A gnoll comes into view. It is wielding a +0 spear.
The gnoll shouts!
A gnoll comes into view. It is wielding a +0 spear.
There are monsters nearby!
The gnoll shouts!
A gnoll comes into view. It is wielding a +0 spear.
The gnoll shouts!
The gnoll hits you with a +0 spear.
The gnoll hits you from afar with a +0 spear.
You barely miss the gnoll.
The gnoll hits you from afar with a +0 spear.
The gnoll hits you with a +0 spear!
* * * LOW HITPOINT WARNING * * *
You punch the gnoll!
The gnoll is severely wounded.
The gnoll hits you from afar with a +0 spear.
* * * LOW HITPOINT WARNING * * *
The gnoll hits you with a +0 spear!
* * * LOW HITPOINT WARNING * * *
You punch the gnoll!
You kill the gnoll!
The gnoll hits you from afar with a +0 spear!
* * * LOW HITPOINT WARNING * * *
The gnoll hits you from afar with a +0 spear!
You die...

..'........ ..# * * ,
###....####*#.# , ' ,
..'.......# #.#* * *####.
###....##.# #.#
######..... #
#######'###'####..........
# #........##.......... #
#.........'.......... #
#........##g......... #
#........h)g......... #
#........###..##....
#........# #..# ...,
#........# #g.# ,.., *
.........#*#.g# ...###...
.... , ,,... #.......g# *,
.. * #......... , , ,
*###.... ,


You could see 2 gnolls.

Vanquished Creatures
  6 gnolls
  An adder (D:2)
  A worm (D:2)
  3 dart slugs (D:1)
  5 ball pythons
  4 bats
  3 endoplasms (D:2)
  3 giant cockroaches
  2 goblins (D:2)
  5 hobgoblins
  A quokka (D:1)
  4 frilled lizards
  5 kobolds
  5 rats
48 creatures vanquished.

Notes
Turn   | Place    | Note
-------+----------+-------------------------------------------
     0 | D:1      | lunkers the Meteoran Shapeshifter began the quest for the
                  | Orb.
     0 | D:1      | Reached XP level 1. HP: 16/16 MP: 2/2
   132 | D:1      | Reached skill level 4 in Unarmed Combat
   132 | D:1      | Reached XP level 2. HP: 23/23 MP: 3/3
   219 | D:1      | Reached XP level 3. HP: 28/28 MP: 4/4
   355 | D:1      | Reached XP level 4. HP: 35/35 MP: 5/5
   504 | D:2      | Reached skill level 5 in Unarmed Combat
   635 | D:2      | Reached XP level 5. HP: 27/40 MP: 6/6
   789 | D:2      | HP: 2/40 [gnoll/+0 spear (8)]
   789 | D:2      | Mangled by a gnoll

Illustrated notes

Levels and vault maps discovered:
D:1:      psy_arrival_dodecagon, layout_loops_ring
D:2:      layout_basic, basic_altar, grunt_ministairs_2

Skill      XL: |  1  2  3  4 |
---------------+-------------+-----
Unarmed Combat | 4 5 |  5.7
Shapeshifting  | 4 |  4.4
Fighting       | |  1.1
Dodging        | |  2.1

Action                     |  1- 3 |  4- 6 || total
---------------------------+-------+-------++-------
  Melee: Unarmed           |    60 |    65 ||   125
         Punch             |     1 |     2 ||     3
   Stab: Sleeping          |       |     1 ||     1
 Armour: Animal skin       |    13 |     5 ||    18
  Dodge: Dodged            |    41 |    37 ||    78

Table legend: (Time is in decaauts)
 A = Elapsed time spent in this place.
 B = Non-inter-level travel time spent in this place.
 C = Inter-level travel time spent in this place.
 D = Time resting spent in this place.
 E = Time spent auto-exploring this place.
 F = Levels seen in this place.
 G = Mean time per level.
                   A        B        C        D        E       F      G
               +--------+--------+--------+--------+--------+-----+--------+
         Total |    777 |    777 |      0 |      0 |    511 |   2 |  388.5 |
       Dungeon |    777 |    777 |      0 |      0 |    511 |   2 |  388.5 |
               +--------+--------+--------+--------+--------+-----+--------+

Top non-repeatable levels by time:
     D:1: 400 daAuts
     D:2: 377 daAuts
